AoeStats
← oMg

African Clearing

506702400Analyzed
4v4 RM · 1mo ago on Sep 14, 2026· 46m 41s· 8 players
Game mode
Random Map
Map size
Large (8 player)
Population
200
Speed
Normal
Resources
Standard
Victory
Conquest
Starting age
Dark Age
Ending age
Imperial Age
RankedLock teamsTeams togetherTeam positionsShared explorationLock speedFull tech treeHidden civsTurbo modeCheats
Victory
Defeat
🇦🇷 Dravidians · Argentina
1156
+15
🇦🇷 Mongols · Argentina
1151
+15
🇦🇷 Huns · Argentina
1123
+16
🇨🇱 Spanish · Chile
1085
+18
vs
🇳🇱 Bohemians · Netherlands
1147
-17
🇸🇪 Britons · Sweden
1126
-16
🇳🇱 Vietnamese · Netherlands
1119
-16
🇫🇷 Bohemians · France
1115
-15
Blawckdown
13:22 Feudal Age
18:21 Castle Age
17:50 Double-Bit Axe
26:43 Bow Saw
26:25 Horse Collar
28:46 Wheelbarrow
31:48 Hand Cart
34:04 Imperial Age
32:16 Heavy Plow
32:41 Town Watch
33:14 Padded Archer Armor
33:05 Fletching
34:30 Leather Archer Armor
34:55 Husbandry
34:56 Bodkin Arrow
35:07 Scale Barding Armor
35:26 Forging
35:55 Cavalier
36:38 Town Patrol
37:40 Two-Man Saw
38:24 Chain Barding Armor
38:41 Iron Casting
39:10 Ring Archer Armor
38:40 Bracer
39:43 Chemistry
39:05 Ballistics
jsvos123
9:28 Loom
13:44 Feudal Age
21:14 Castle Age
19:56 Fletching
22:51 Bodkin Arrow
22:57 Padded Archer Armor
23:56 Town Watch
34:08 Leather Archer Armor
38:03 Double-Bit Axe
Donkerzs
3:50 Loom
13:50 Feudal Age
12:57 Loom
15:31 Double-Bit Axe
22:04 Castle Age
23:09 Bow Saw
27:21 Imperial Age
25:19 Forging
25:10 Scale Mail Armor
25:47 Fletching
25:44 Horse Collar
28:59 Chemistry
29:07 Bodkin Arrow
Superhoops
8:03 Loom
14:24 Feudal Age
20:14 Castle Age
21:36 Wheelbarrow
Sirsoberbio
5:33 Loom
13:59 Feudal Age
14:03 Feudal Age
18:45 Castle Age
17:01 Double-Bit Axe
18:26 Stone Mining
21:32 Bow Saw
21:21 Fletching
26:19 Horse Collar
36:14 Bodkin Arrow
41:43 Imperial Age
40:59 Wheelbarrow
42:33 Bloodlines
42:23 Husbandry
43:13 Gold Mining
43:06 Cavalier
44:06 Scale Barding Armor
45:21 Chemistry
44:22 Light Cavalry
46:08 Heavy Plow
47:06 Forging
oMg
10:40 Loom
12:32 Feudal Age
18:15 Castle Age
17:15 Fletching
18:52 Bodkin Arrow
19:11 Town Watch
20:21 Double-Bit Axe
23:24 Crossbowman
25:04 Padded Archer Armor
27:47 Wheelbarrow
27:36 Leather Archer Armor
30:53 Hand Cart
36:23 Imperial Age
36:52 Thumb Ring
36:27 Arbalester
37:17 Bracer
38:27 Ballistics
40:13 Chemistry
40:39 Ring Archer Armor
DiegoArmando
4:56 Loom
13:34 Feudal Age
14:30 Town Watch
14:32 Double-Bit Axe
14:29 Horse Collar
16:00 Wheelbarrow
17:27 Forging
18:11 Scale Barding Armor
22:56 Castle Age
21:50 Bloodlines
24:10 Bow Saw
24:01 Heavy Plow
23:29 Light Cavalry
24:12 Husbandry
24:37 Chain Barding Armor
25:26 Iron Casting
27:35 Hand Cart
28:42 Fervor
28:52 Fervor
35:46 Imperial Age
35:00 Stone Mining
35:02 Gold Mining
36:41 Stone Shaft Mining
37:02 Scale Mail Armor
37:56 Gold Shaft Mining
37:23 Capped Ram
38:37 Drill
39:09 Conscription
38:14 Siege Ram
40:55 Onager
43:04 Siege Onager
46:16 Spies/Treason
Vagatela
6:46 Loom
16:59 Feudal Age
18:06 Double-Bit Axe
18:03 Horse Collar
19:07 Wheelbarrow
23:10 Castle Age
21:28 Gold Mining
21:44 Stone Mining
24:01 Bow Saw
23:54 Heavy Plow
24:35 Gold Shaft Mining
26:21 Hand Cart
32:38 Imperial Age
30:54 Bloodlines
30:59 Scale Barding Armor
31:05 Forging
31:00 Scale Barding Armor
31:45 Forging
32:49 Husbandry
32:10 Light Cavalry
33:13 Chain Barding Armor
33:29 Iron Casting
33:14 Chain Barding Armor
33:29 Iron Casting
35:09 Two-Man Saw
34:54 Iron Casting
34:54 Plate Barding Armor
35:04 Fletching
36:49 Plate Barding Armor
37:15 Blast Furnace
36:50 Plate Barding Armor
37:35 Blast Furnace
37:15 Hussar
39:17 Elite Tarkan
41:09 Bodkin Arrow
43:13 Cavalier
Connection lost

Rejoining the realm…

Still unreachable

The connection could not be restored.

Session expired

The server has moved on; the page needs a fresh start.